| Goals | Penalties |
1. Golden Knights , Sean Walker 3 (Tomas Hertl 14, Jakob Chychrun 21) at 1:50 (PP)
2. Bruins , Kevin Fiala 15 (Rasmus Andersson 18, Brady Skjei 20) at 8:26
|
Nick Jensen (BOS) for Tripping (Minor) at 1:15
|
3. Bruins , Anze Kopitar 12 (Brady Skjei 21) at 0:40
|
No Penalty
|
4. Bruins , Dylan DeMelo 4 (Brady Skjei 22, Anze Kopitar 25) at 19:30 (Empty Net)
|
Brady Skjei (BOS) for Tripping (Minor) at 0:03 Rasmus Andersson (BOS) for High sticking (Minor) at 0:27 Daniel Sprong (VGK) for Hooking (Minor) at 17:30 Jamie Oleksiak (BOS) for Interference (Minor) at 17:30
|
|
Scott Wedgewood (BOS), 18 saves from 19 shots - (0,947), W, 8-4-0, 60:00 minutes
Ilya Samsonov (VGK), 27 saves from 29 shots - (0,931), L, 11-9-1, 59:31 minutes
|
|
1 - Anze Kopitar (BOS)
2 - Brady Skjei (BOS)
3 - Kevin Fiala (BOS)
|
Referees : Brad Meier and Terry Koharski
Linesman : Ryan Daisy and Shandor Alphonso
|
|
Dylan DeMelo has scored in a empty net!
|
|
Level 1 -- Attendance: 6500 (100,00%) -- Ticket Income $715,000
Level 2 -- Attendance: 5000 (100,00%) -- Ticket Income $410,000
Level 3 -- Attendance: 3092 (88,34%) -- Ticket Income $194,796
Level 4 -- Attendance: 3030 (85,67%) -- Ticket Income $60,600
Luxury Box -- Attendance: 918 (91,80%) -- Ticket Income $206,550
Game was played at the T-Mobile Arena.
Total Attendance: 18540 (94,90%)
Total Ticket Income: $1,586,946
Other Income: $396,736
Total Income: $1,983,682
|
| Team Name |
Goals |
Shots |
Shots Attemp |
Shots Blocked |
PIM |
HIT |
PP |
PK |
FO% |
| Bruins |
3 | 30 | 71 | 3 | 8 | 15 | 0 / 0 (0,00% | 1 | 45% |
| Golden Knights |
1 | 19 | 36 | 11 | 2 | 18 | 1 / 3 (33%) | 0 | 55% |
Bruins
| Player Name |
POS |
G |
A |
P |
+/- |
PIM |
HIT |
SHT |
SB |
MP |
PP MP |
PP SHT |
PK MP |
PK SHT |
FO% |
FOT |
| Alexis Lafreniere | LW | 0 | 0 | 0 | 0 | 0 | 2 | 4 | 0 | 17:56 | 0:00 | 0 | 0:00 | 0 | 50% |
2 |
| Anze Kopitar | C | 1 | 1 | 2 | 2 | 0 | 1 | 4 | 0 | 18:49 | 0:00 | 0 | 0:00 | 0 | 32% |
25 |
| Brady Skjei | D | 0 | 3 | 3 | 2 | 2 | 1 | 1 | 1 | 21:17 | 0:00 | 0 | 0:24 | 0 | 0% |
0 |
| Charlie Coyle | C | 0 | 0 | 0 | 1 | 0 | 0 | 1 | 0 | 20:27 | 0:00 | 0 | 2:30 | 0 | 43% |
21 |
| Dylan DeMelo | D | 1 | 0 | 1 | 1 | 0 | 2 | 1 | 0 | 20:12 | 0:00 | 0 | 1:30 | 0 | 0% |
0 |
| Jamie Oleksiak | D | 0 | 0 | 0 | 1 | 2 | 0 | 0 | 1 | 18:09 | 0:00 | 0 | 1:34 | 0 | 0% |
0 |
| Jordan Martinook | LW | 0 | 0 | 0 | 1 | 0 | 0 | 2 | 0 | 6:18 | 0:00 | 0 | 0:00 | 0 | 0% |
0 |
| Kevin Fiala | LW | 1 | 0 | 1 | 2 | 0 | 1 | 6 | 0 | 18:27 | 0:00 | 0 | 0:00 | 0 | 0% |
1 |
| Nick Jensen | D | 0 | 0 | 0 | 0 | 2 | 0 | 0 | 0 | 18:08 | 0:00 | 0 | 0:09 | 0 | 0% |
0 |
| Nick Paul | LW | 0 | 0 | 0 | 0 | 0 | 1 | 0 | 0 | 13:59 | 0:00 | 0 | 0:00 | 0 | 100% |
1 |
| Nicolas Roy | C | 0 | 0 | 0 | 0 | 0 | 1 | 0 | 0 | 9:13 | 0:00 | 0 | 1:19 | 0 | 50% |
2 |
| Oliver Ekman-Larsson | D | 0 | 0 | 0 | 0 | 0 | 1 | 0 | 1 | 19:37 | 0:00 | 0 | 0:05 | 0 | 0% |
0 |
| Pius Suter | C | 0 | 0 | 0 | 0 | 0 | 0 | 2 | 0 | 12:22 | 0:00 | 0 | 0:00 | 0 | 71% |
7 |
| Rasmus Andersson | D | 0 | 1 | 1 | 2 | 2 | 2 | 2 | 0 | 21:14 | 0:00 | 0 | 0:54 | 0 | 0% |
0 |
| Ryan Poehling | C | 0 | 0 | 0 | 0 | 0 | 1 | 1 | 0 | 6:45 | 0:00 | 0 | 0:28 | 0 | 50% |
12 |
| Tom Wilson | RW | 0 | 0 | 0 | 3 | 0 | 2 | 2 | 0 | 19:51 | 0:00 | 0 | 1:23 | 0 | 100% |
1 |
| Warren Foegele | LW | 0 | 0 | 0 | 0 | 0 | 0 | 1 | 0 | 12:44 | 0:00 | 0 | 0:00 | 0 | 50% |
2 |
| Yegor Sharangovich | C | 0 | 0 | 0 | 0 | 0 | 0 | 3 | 0 | 17:56 | 0:00 | 0 | 0:00 | 0 | 0% |
0 |
Golden Knights
| Player Name |
POS |
G |
A |
P |
+/- |
PIM |
HIT |
SHT |
SB |
MP |
PP MP |
PP SHT |
PK MP |
PK SHT |
FO% |
FOT |
| Adam Boqvist | D | 0 | 0 | 0 | 0 | 0 | 0 | 0 | 4 | 17:13 | 0:00 | 0 | 0:00 | 0 | 0% |
0 |
| Artemi Panarin | LW | 0 | 0 | 0 | -2 | 0 | 1 | 1 | 0 | 20:41 | 1:09 | 0 | 0:00 | 0 | 67% |
3 |
| Conor Timmins | D | 0 | 0 | 0 | 0 | 0 | 0 | 0 | 0 | 15:52 | 0:00 | 0 | 0:00 | 0 | 0% |
0 |
| Daniel Sprong | RW | 0 | 0 | 0 | 0 | 2 | 2 | 1 | 0 | 18:37 | 1:49 | 0 | 0:00 | 0 | 100% |
2 |
| Derek Ryan | C | 0 | 0 | 0 | -2 | 0 | 1 | 1 | 0 | 19:10 | 0:00 | 0 | 0:00 | 0 | 0% |
2 |
| Jacob Moverare | D | 0 | 0 | 0 | 0 | 0 | 0 | 0 | 0 | 0:00 | 0:00 | 0 | 0:00 | 0 | 0% |
0 |
| Jake Evans | C | 0 | 0 | 0 | 0 | 0 | 3 | 2 | 0 | 12:43 | 0:00 | 0 | 0:00 | 0 | 56% |
16 |
| Jakob Chychrun | D | 0 | 1 | 1 | 0 | 0 | 3 | 3 | 3 | 21:59 | 1:49 | 2 | 0:00 | 0 | 0% |
0 |
| Kirby Dach | C | 0 | 0 | 0 | 0 | 0 | 2 | 1 | 0 | 11:59 | 1:49 | 1 | 0:00 | 0 | 50% |
2 |
| Lars Eller | C | 0 | 0 | 0 | 0 | 0 | 1 | 3 | 0 | 11:35 | 1:09 | 1 | 0:00 | 0 | 50% |
10 |
| Matt Nieto | LW | 0 | 0 | 0 | -1 | 0 | 0 | 2 | 0 | 16:53 | 0:00 | 0 | 0:00 | 0 | 100% |
1 |
| Miro Heiskanen | D | 0 | 0 | 0 | -3 | 0 | 1 | 1 | 1 | 25:06 | 1:09 | 1 | 0:00 | 0 | 0% |
0 |
| Nathan MacKinnon | C | 0 | 0 | 0 | -3 | 0 | 0 | 3 | 0 | 20:46 | 1:09 | 0 | 0:00 | 0 | 29% |
17 |
| Noah Gregor | C | 0 | 0 | 0 | 0 | 0 | 1 | 0 | 0 | 8:53 | 0:00 | 0 | 0:00 | 0 | 0% |
0 |
| Sean Walker | D | 1 | 0 | 1 | 0 | 0 | 0 | 1 | 0 | 17:41 | 1:49 | 1 | 0:00 | 0 | 0% |
0 |
| Tomas Hertl | C | 0 | 1 | 1 | -1 | 0 | 1 | 0 | 1 | 19:54 | 1:49 | 0 | 0:00 | 0 | 76% |
21 |
| Vladislav Namestnikov | C | 0 | 0 | 0 | 0 | 0 | 1 | 0 | 1 | 16:49 | 0:00 | 0 | 0:00 | 0 | 0% |
0 |
| Zach Werenski | D | 0 | 0 | 0 | -3 | 0 | 1 | 0 | 1 | 22:09 | 1:09 | 0 | 0:00 | 0 | 0% |
0 |
Play-by-Play
1st period
0:01 of 1st period - Anze Kopitar wins face-off versus Nathan MacKinnon in neutral zone.
0:09 of 1st period - Off-side.
0:10 of 1st period - Tomas Hertl wins face-off versus Charlie Coyle in neutral zone.
0:14 of 1st period - Jakob Chychrun is hit by Oliver Ekman-Larsson and loses puck.
0:20 of 1st period - Icing by Dylan DeMelo.
0:21 of 1st period - Charlie Coyle wins face-off versus Jake Evans in Bruins zone.
0:21 of 1st period - Charlie Coyle is hit by Jake Evans.
0:31 of 1st period - Shot by Alexis Lafreniere.
0:31 of 1st period - Stopped by Ilya Samsonov without a rebound.
0:32 of 1st period - Pius Suter wins face-off versus Lars Eller in Golden Knights zone.
0:32 of 1st period - Pius Suter is hit by Jakob Chychrun.
0:34 of 1st period - Shot by Warren Foegele.
0:34 of 1st period - Stopped by Ilya Samsonov without a rebound.
0:35 of 1st period - Pius Suter wins face-off versus Lars Eller in Golden Knights zone.
0:36 of 1st period - Shot by Warren Foegele.
0:36 of 1st period - Shot Misses the Net.
1:15 of 1st period - Minor Penalty to Nick Jensen for Tripping.
1:16 of 1st period - Charlie Coyle wins face-off versus Tomas Hertl in Bruins zone.
1:41 of 1st period - Tom Wilson is hit by Kirby Dach and loses puck.
1:48 of 1st period - Shot by Tomas Hertl.
1:48 of 1st period - Shot Misses the Net.
1:50 of 1st period - Shot by Sean Walker.
1:50 of 1st period - Goal by Sean Walker - Bruins : 0 - Golden Knights : 1.
1:51 of 1st period - Anze Kopitar wins face-off versus Nathan MacKinnon in neutral zone.
2:02 of 1st period - Shot by Anze Kopitar.
2:02 of 1st period - Shot Misses the Net.
2:04 of 1st period - Shot by Anze Kopitar.
2:04 of 1st period - Shot Blocked by Miro Heiskanen.
2:06 of 1st period - Shot by Tom Wilson.
2:06 of 1st period - Shot Misses the Net.
2:41 of 1st period - Off-side.
2:42 of 1st period - Ryan Poehling wins face-off versus Tomas Hertl in neutral zone.
2:53 of 1st period - Shot by Ryan Poehling.
2:53 of 1st period - Shot Misses the Net.
3:16 of 1st period - Vladislav Namestnikov is hit by Brady Skjei and loses puck.
3:23 of 1st period - Shot by Daniel Sprong.
3:23 of 1st period - Stopped by Scott Wedgewood with a rebound.
4:02 of 1st period - Shot by Yegor Sharangovich.
4:02 of 1st period - Stopped by Ilya Samsonov with a rebound.
4:14 of 1st period - Shot by Alexis Lafreniere.
4:14 of 1st period - Shot Blocked by Tomas Hertl.
4:16 of 1st period - Shot by Yegor Sharangovich.
4:16 of 1st period - Stopped by Ilya Samsonov with a rebound.
4:28 of 1st period - Oliver Ekman-Larsson is hit by Daniel Sprong and loses puck.
4:45 of 1st period - Shot by Warren Foegele.
4:45 of 1st period - Shot Blocked by Jakob Chychrun.
4:47 of 1st period - Shot by Pius Suter.
4:47 of 1st period - Deflect By Warren Foegele.
4:47 of 1st period - Shot Blocked by Adam Boqvist.
4:49 of 1st period - Shot by Pius Suter.
4:49 of 1st period - Deflect By Warren Foegele.
4:49 of 1st period - Shot Blocked by Jakob Chychrun.
4:51 of 1st period - Shot by Oliver Ekman-Larsson.
4:51 of 1st period - Shot Misses the Net.
5:16 of 1st period - Icing by Jakob Chychrun.
5:17 of 1st period - Anze Kopitar wins face-off versus Tomas Hertl in Golden Knights zone.
5:26 of 1st period - Shot by Kevin Fiala.
5:26 of 1st period - Deflect By Tom Wilson.
5:26 of 1st period - Shot Misses the Net.
5:49 of 1st period - Artemi Panarin is hit by Rasmus Andersson and loses puck.
6:20 of 1st period - Nick Jensen is hit by Derek Ryan and loses puck.
7:53 of 1st period - Noah Gregor is hit by Nick Paul and loses puck.
7:59 of 1st period - Icing by Conor Timmins.
8:00 of 1st period - Lars Eller wins face-off versus Anze Kopitar in Golden Knights zone.
8:05 of 1st period - Anze Kopitar is hit by Lars Eller and loses puck.
8:26 of 1st period - Shot by Kevin Fiala.
8:26 of 1st period - Goal by Kevin Fiala - Bruins : 1 - Golden Knights : 1.
8:27 of 1st period - Jake Evans wins face-off versus Ryan Poehling in neutral zone.
10:57 of 1st period - Shot by Artemi Panarin.
10:57 of 1st period - Shot Misses the Net.
12:24 of 1st period - Jordan Martinook is hit by Jakob Chychrun and loses puck.
12:29 of 1st period - Shot by Jordan Martinook.
12:29 of 1st period - Shot Misses the Net.
12:31 of 1st period - Shot by Rasmus Andersson.
12:31 of 1st period - Shot Misses the Net.
12:39 of 1st period - Shot by Ryan Poehling.
12:39 of 1st period - Shot Misses the Net.
12:41 of 1st period - Shot by Brady Skjei.
12:41 of 1st period - Shot Blocked by Adam Boqvist.
12:43 of 1st period - Shot by Rasmus Andersson.
12:43 of 1st period - Stopped by Ilya Samsonov without a rebound.
12:44 of 1st period - Tom Wilson wins face-off versus Lars Eller in Golden Knights zone.
12:44 of 1st period - Anze Kopitar is hit by Zach Werenski and loses puck.
13:07 of 1st period - Shot by Tom Wilson.
13:07 of 1st period - Shot Misses the Net.
13:28 of 1st period - Shot by Kevin Fiala.
13:28 of 1st period - Shot Misses the Net.
13:35 of 1st period - Icing by Miro Heiskanen.
13:36 of 1st period - Lars Eller wins face-off versus Charlie Coyle in Golden Knights zone.
13:59 of 1st period - Shot by Artemi Panarin.
13:59 of 1st period - Shot Misses the Net.
14:13 of 1st period - Yegor Sharangovich is hit by Artemi Panarin and loses puck.
14:22 of 1st period - Nathan MacKinnon is hit by Alexis Lafreniere and loses puck.
15:51 of 1st period - Icing by Dylan DeMelo.
15:52 of 1st period - Jake Evans wins face-off versus Anze Kopitar in Bruins zone.
15:55 of 1st period - Shot by Matt Nieto.
15:55 of 1st period - Shot Misses the Net.
16:14 of 1st period - Shot by Kevin Fiala.
16:14 of 1st period - Stopped by Ilya Samsonov without a rebound.
16:15 of 1st period - Charlie Coyle wins face-off versus Nathan MacKinnon in Golden Knights zone.
16:53 of 1st period - Shot by Nathan MacKinnon.
16:53 of 1st period - Stopped by Scott Wedgewood with a rebound.
16:55 of 1st period - Shot by Derek Ryan.
16:55 of 1st period - Shot Misses the Net.
17:00 of 1st period - Derek Ryan is hit by Rasmus Andersson and loses puck.
17:21 of 1st period - Shot by Jake Evans.
17:21 of 1st period - Stopped by Scott Wedgewood without a rebound.
17:22 of 1st period - Tomas Hertl wins face-off versus Anze Kopitar in Bruins zone.
17:37 of 1st period - Shot by Kevin Fiala.
17:37 of 1st period - Stopped by Ilya Samsonov without a rebound.
17:38 of 1st period - Ryan Poehling wins face-off versus Jake Evans in Golden Knights zone.
17:41 of 1st period - Shot by Ryan Poehling.
17:41 of 1st period - Stopped by Ilya Samsonov without a rebound.
17:42 of 1st period - Daniel Sprong wins face-off versus Anze Kopitar in Golden Knights zone.
18:04 of 1st period - Shot by Anze Kopitar.
18:04 of 1st period - Stopped by Ilya Samsonov without a rebound.
18:05 of 1st period - Ryan Poehling wins face-off versus Artemi Panarin in Golden Knights zone.
18:11 of 1st period - Icing by Conor Timmins.
18:12 of 1st period - Nathan MacKinnon wins face-off versus Charlie Coyle in Golden Knights zone.
18:18 of 1st period - Icing by Conor Timmins.
18:19 of 1st period - Anze Kopitar wins face-off versus Nathan MacKinnon in Golden Knights zone.
18:30 of 1st period - Shot by Rasmus Andersson.
18:30 of 1st period - Shot Misses the Net.
Goals for this period are 1 for Bruins vs 1 for Golden Knights.
Shots for this period are 10 for Bruins vs 4 for Golden Knights.
2nd period
0:01 of 2nd period - Anze Kopitar wins face-off versus Nathan MacKinnon in neutral zone.
0:32 of 2nd period - Shot by Zach Werenski.
0:32 of 2nd period - Shot Misses the Net.
0:40 of 2nd period - Shot by Anze Kopitar.
0:40 of 2nd period - Goal by Anze Kopitar - Bruins : 2 - Golden Knights : 1.
0:41 of 2nd period - Charlie Coyle wins face-off versus Jake Evans in neutral zone.
0:47 of 2nd period - Charlie Coyle is hit by Jakob Chychrun and loses puck.
1:52 of 2nd period - Shot by Pius Suter.
1:52 of 2nd period - Shot Misses the Net.
1:54 of 2nd period - Shot by Pius Suter.
1:54 of 2nd period - Shot Misses the Net.
2:13 of 2nd period - Icing by Sean Walker.
2:14 of 2nd period - Tomas Hertl wins face-off versus Anze Kopitar in Golden Knights zone.
2:34 of 2nd period - Shot by Anze Kopitar.
2:34 of 2nd period - Shot Blocked by Vladislav Namestnikov.
2:40 of 2nd period - Shot by Tom Wilson.
2:40 of 2nd period - Stopped by Ilya Samsonov without a rebound.
2:41 of 2nd period - Ryan Poehling wins face-off versus Nathan MacKinnon in Golden Knights zone.
2:42 of 2nd period - Shot by Jordan Martinook.
2:42 of 2nd period - Shot Misses the Net.
3:16 of 2nd period - Miro Heiskanen is hit by Dylan DeMelo and loses puck.
3:42 of 2nd period - Icing by Jamie Oleksiak.
3:43 of 2nd period - Kirby Dach wins face-off versus Alexis Lafreniere in Bruins zone.
4:02 of 2nd period - Shot by Yegor Sharangovich.
4:02 of 2nd period - Shot Misses the Net.
4:26 of 2nd period - Yegor Sharangovich is hit by Jake Evans and loses puck.
4:40 of 2nd period - Off-side.
4:41 of 2nd period - Tomas Hertl wins face-off versus Anze Kopitar in neutral zone.
5:04 of 2nd period - Shot by Kevin Fiala.
5:04 of 2nd period - Stopped by Ilya Samsonov without a rebound.
5:05 of 2nd period - Pius Suter wins face-off versus Nathan MacKinnon in Golden Knights zone.
6:24 of 2nd period - Shot by Rasmus Andersson.
6:24 of 2nd period - Shot Misses the Net.
6:26 of 2nd period - Shot by Brady Skjei.
6:26 of 2nd period - Stopped by Ilya Samsonov without a rebound.
6:27 of 2nd period - Lars Eller wins face-off versus Charlie Coyle in Golden Knights zone.
6:27 of 2nd period - Lars Eller is hit by Alexis Lafreniere.
6:56 of 2nd period - Icing by Miro Heiskanen.
6:57 of 2nd period - Anze Kopitar wins face-off versus Lars Eller in Golden Knights zone.
7:18 of 2nd period - Shot by Kevin Fiala.
7:18 of 2nd period - Stopped by Ilya Samsonov with a rebound.
8:11 of 2nd period - Icing by Jakob Chychrun.
8:12 of 2nd period - Tomas Hertl wins face-off versus Charlie Coyle in Golden Knights zone.
8:19 of 2nd period - Icing by Charlie Coyle.
8:20 of 2nd period - Nathan MacKinnon wins face-off versus Charlie Coyle in Bruins zone.
8:29 of 2nd period - Shot by Nathan MacKinnon.
8:29 of 2nd period - Shot Misses the Net.
8:45 of 2nd period - Shot by Nathan MacKinnon.
8:45 of 2nd period - Deflect By Artemi Panarin.
8:45 of 2nd period - Shot Misses the Net.
8:47 of 2nd period - Shot by Derek Ryan.
8:47 of 2nd period - Stopped by Scott Wedgewood without a rebound.
8:48 of 2nd period - Tomas Hertl wins face-off versus Pius Suter in Bruins zone.
8:57 of 2nd period - Shot by Pius Suter.
8:57 of 2nd period - Shot Misses the Net.
9:13 of 2nd period - Shot by Pius Suter.
9:13 of 2nd period - Shot Misses the Net.
9:15 of 2nd period - Shot by Pius Suter.
9:15 of 2nd period - Stopped by Ilya Samsonov without a rebound.
9:16 of 2nd period - Artemi Panarin wins face-off versus Charlie Coyle in Golden Knights zone.
9:44 of 2nd period - Off-side.
9:45 of 2nd period - Jake Evans wins face-off versus Kevin Fiala in neutral zone.
9:54 of 2nd period - Shot by Anze Kopitar.
9:54 of 2nd period - Stopped by Ilya Samsonov without a rebound.
9:55 of 2nd period - Tomas Hertl wins face-off versus Ryan Poehling in Golden Knights zone.
10:11 of 2nd period - Ryan Poehling is hit by Vladislav Namestnikov and loses puck.
10:24 of 2nd period - Shot by Jordan Martinook.
10:24 of 2nd period - Stopped by Ilya Samsonov without a rebound.
10:25 of 2nd period - Jake Evans wins face-off versus Anze Kopitar in Golden Knights zone.
10:58 of 2nd period - Shot by Matt Nieto.
10:58 of 2nd period - Stopped by Scott Wedgewood with a rebound.
11:48 of 2nd period - Shot by Yegor Sharangovich.
11:48 of 2nd period - Shot Hit the Post.
12:42 of 2nd period - Shot by Vladislav Namestnikov.
12:42 of 2nd period - Shot Misses the Net.
12:44 of 2nd period - Shot by Jakob Chychrun.
12:44 of 2nd period - Stopped by Scott Wedgewood without a rebound.
12:45 of 2nd period - Lars Eller wins face-off versus Ryan Poehling in Bruins zone.
13:18 of 2nd period - Ryan Poehling is hit by Noah Gregor and loses puck.
13:28 of 2nd period - Icing by Conor Timmins.
13:29 of 2nd period - Lars Eller wins face-off versus Anze Kopitar in Golden Knights zone.
13:29 of 2nd period - Lars Eller is hit by Anze Kopitar.
13:49 of 2nd period - Icing by Anze Kopitar.
13:50 of 2nd period - Tomas Hertl wins face-off versus Anze Kopitar in Bruins zone.
15:12 of 2nd period - Icing by Jakob Chychrun.
15:13 of 2nd period - Pius Suter wins face-off versus Derek Ryan in Golden Knights zone.
15:20 of 2nd period - Shot by Warren Foegele.
15:20 of 2nd period - Shot Blocked by Adam Boqvist.
15:32 of 2nd period - Shot by Pius Suter.
15:32 of 2nd period - Stopped by Ilya Samsonov without a rebound.
15:33 of 2nd period - Jake Evans wins face-off versus Ryan Poehling in Golden Knights zone.
15:33 of 2nd period - Jake Evans is hit by Ryan Poehling.
15:39 of 2nd period - Shot by Jordan Martinook.
15:39 of 2nd period - Stopped by Ilya Samsonov with a rebound.
15:53 of 2nd period - Shot by Jake Evans.
15:53 of 2nd period - Stopped by Scott Wedgewood without a rebound.
15:54 of 2nd period - Anze Kopitar wins face-off versus Nathan MacKinnon in Bruins zone.
16:07 of 2nd period - Shot by Artemi Panarin.
16:07 of 2nd period - Stopped by Scott Wedgewood without a rebound.
16:08 of 2nd period - Charlie Coyle wins face-off versus Jake Evans in Bruins zone.
16:12 of 2nd period - Yegor Sharangovich is hit by Miro Heiskanen and loses puck.
17:18 of 2nd period - Icing by Jakob Chychrun.
17:19 of 2nd period - Nathan MacKinnon wins face-off versus Anze Kopitar in Golden Knights zone.
17:35 of 2nd period - Icing by Jakob Chychrun.
17:36 of 2nd period - Pius Suter wins face-off versus Nathan MacKinnon in Golden Knights zone.
19:37 of 2nd period - Shot by Lars Eller.
19:37 of 2nd period - Shot Blocked by Oliver Ekman-Larsson.
19:39 of 2nd period - Shot by Lars Eller.
19:39 of 2nd period - Stopped by Scott Wedgewood without a rebound.
19:40 of 2nd period - Artemi Panarin wins face-off versus Anze Kopitar in Bruins zone.
19:59 of 2nd period - Jakob Chychrun is hit by Tom Wilson.
Goals for this period are 1 for Bruins vs 0 for Golden Knights.
Shots for this period are 10 for Bruins vs 6 for Golden Knights.
3rd period
0:01 of 3rd period - Jake Evans wins face-off versus Anze Kopitar in neutral zone.
0:03 of 3rd period - Minor Penalty to Brady Skjei for Tripping.
0:04 of 3rd period - Charlie Coyle wins face-off versus Nathan MacKinnon in Bruins zone.
0:14 of 3rd period - Artemi Panarin is hit by Tom Wilson.
0:18 of 3rd period - Shot by Miro Heiskanen.
0:18 of 3rd period - Shot Misses the Net.
0:27 of 3rd period - Minor Penalty to Rasmus Andersson for High sticking.
0:28 of 3rd period - Tomas Hertl wins face-off versus Charlie Coyle in Bruins zone.
0:39 of 3rd period - Shot by Daniel Sprong.
0:39 of 3rd period - Shot Misses the Net.
0:41 of 3rd period - Shot by Jakob Chychrun.
0:41 of 3rd period - Stopped by Scott Wedgewood without a rebound.
0:42 of 3rd period - Nathan MacKinnon wins face-off versus Ryan Poehling in Bruins zone.
0:43 of 3rd period - Shot by Miro Heiskanen.
0:43 of 3rd period - Stopped by Scott Wedgewood without a rebound.
0:44 of 3rd period - Charlie Coyle wins face-off versus Nathan MacKinnon in Bruins zone.
1:19 of 3rd period - Shot by Nathan MacKinnon.
1:19 of 3rd period - Shot Blocked by Jamie Oleksiak.
1:21 of 3rd period - Shot by Lars Eller.
1:21 of 3rd period - Stopped by Scott Wedgewood without a rebound.
1:22 of 3rd period - Tomas Hertl wins face-off versus Ryan Poehling in Bruins zone.
1:22 of 3rd period - Tomas Hertl is hit by Dylan DeMelo.
1:28 of 3rd period - Shot by Kirby Dach.
1:28 of 3rd period - Stopped by Scott Wedgewood with a rebound.
1:32 of 3rd period - Shot by Jakob Chychrun.
1:32 of 3rd period - Stopped by Scott Wedgewood without a rebound.
1:33 of 3rd period - Tomas Hertl wins face-off versus Charlie Coyle in Bruins zone.
1:52 of 3rd period - Charlie Coyle is hit by Kirby Dach and loses puck.
2:17 of 3rd period - Shot by Jakob Chychrun.
2:17 of 3rd period - Shot Blocked by Brady Skjei.
2:39 of 3rd period - Icing by Matt Nieto.
2:40 of 3rd period - Matt Nieto wins face-off versus Anze Kopitar in Golden Knights zone.
3:13 of 3rd period - Shot by Kevin Fiala.
3:13 of 3rd period - Stopped by Ilya Samsonov with a rebound.
3:45 of 3rd period - Icing by Rasmus Andersson.
3:46 of 3rd period - Ryan Poehling wins face-off versus Derek Ryan in Bruins zone.
3:53 of 3rd period - Derek Ryan is hit by Nicolas Roy and loses puck.
4:10 of 3rd period - Shot by Jordan Martinook.
4:10 of 3rd period - Shot Misses the Net.
4:50 of 3rd period - Shot by Alexis Lafreniere.
4:50 of 3rd period - Shot Misses the Net.
5:00 of 3rd period - Shot by Alexis Lafreniere.
5:00 of 3rd period - Stopped by Ilya Samsonov with a rebound.
5:02 of 3rd period - Shot by Charlie Coyle.
5:02 of 3rd period - Shot Misses the Net.
5:04 of 3rd period - Shot by Alexis Lafreniere.
5:04 of 3rd period - Stopped by Ilya Samsonov with a rebound.
5:06 of 3rd period - Shot by Charlie Coyle.
5:06 of 3rd period - Shot Blocked by Adam Boqvist.
5:08 of 3rd period - Shot by Nick Jensen.
5:08 of 3rd period - Shot Misses the Net.
5:10 of 3rd period - Shot by Yegor Sharangovich.
5:10 of 3rd period - Stopped by Ilya Samsonov without a rebound.
5:11 of 3rd period - Tomas Hertl wins face-off versus Anze Kopitar in Golden Knights zone.
5:42 of 3rd period - Shot by Tom Wilson.
5:42 of 3rd period - Stopped by Ilya Samsonov without a rebound.
5:43 of 3rd period - Warren Foegele wins face-off versus Jake Evans in Golden Knights zone.
6:02 of 3rd period - Off-side.
6:03 of 3rd period - Tomas Hertl wins face-off versus Charlie Coyle in neutral zone.
6:14 of 3rd period - Shot by Charlie Coyle.
6:14 of 3rd period - Shot Misses the Net.
6:36 of 3rd period - Shot by Charlie Coyle.
6:36 of 3rd period - Shot Misses the Net.
6:53 of 3rd period - Icing by Daniel Sprong.
6:54 of 3rd period - Tomas Hertl wins face-off versus Anze Kopitar in Golden Knights zone.
7:21 of 3rd period - Shot by Jake Evans.
7:21 of 3rd period - Shot Misses the Net.
7:55 of 3rd period - Off-side.
7:56 of 3rd period - Charlie Coyle wins face-off versus Nathan MacKinnon in neutral zone.
7:59 of 3rd period - Shot by Alexis Lafreniere.
7:59 of 3rd period - Stopped by Ilya Samsonov with a rebound.
8:13 of 3rd period - Icing by Jakob Chychrun.
8:14 of 3rd period - Nathan MacKinnon wins face-off versus Pius Suter in Golden Knights zone.
9:15 of 3rd period - Shot by Charlie Coyle.
9:15 of 3rd period - Shot Blocked by Jakob Chychrun.
9:29 of 3rd period - Shot by Charlie Coyle.
9:29 of 3rd period - Stopped by Ilya Samsonov without a rebound.
9:30 of 3rd period - Daniel Sprong wins face-off versus Anze Kopitar in Golden Knights zone.
9:30 of 3rd period - Daniel Sprong is hit by Kevin Fiala.
9:36 of 3rd period - Kevin Fiala is hit by Daniel Sprong and loses puck.
10:09 of 3rd period - Shot by Tom Wilson.
10:09 of 3rd period - Shot Misses the Net.
10:12 of 3rd period - Icing by Miro Heiskanen.
10:13 of 3rd period - Tomas Hertl wins face-off versus Charlie Coyle in Golden Knights zone.
10:29 of 3rd period - Shot by Charlie Coyle.
10:29 of 3rd period - Shot Misses the Net.
11:04 of 3rd period - Shot by Jake Evans.
11:04 of 3rd period - Shot Misses the Net.
11:06 of 3rd period - Shot by Conor Timmins.
11:06 of 3rd period - Shot Misses the Net.
11:08 of 3rd period - Shot by Matt Nieto.
11:08 of 3rd period - Stopped by Scott Wedgewood with a rebound.
12:10 of 3rd period - Shot by Anze Kopitar.
12:10 of 3rd period - Shot Misses the Net.
12:14 of 3rd period - Shot by Rasmus Andersson.
12:14 of 3rd period - Stopped by Ilya Samsonov with a rebound.
13:10 of 3rd period - Off-side.
13:11 of 3rd period - Ryan Poehling wins face-off versus Kirby Dach in neutral zone.
14:12 of 3rd period - Shot by Anze Kopitar.
14:12 of 3rd period - Shot Misses the Net.
14:16 of 3rd period - Shot by Anze Kopitar.
14:16 of 3rd period - Stopped by Ilya Samsonov without a rebound.
14:17 of 3rd period - Tomas Hertl wins face-off versus Charlie Coyle in Golden Knights zone.
14:56 of 3rd period - Charlie Coyle is hit by Tomas Hertl and loses puck.
15:17 of 3rd period - Shot by Nathan MacKinnon.
15:17 of 3rd period - Stopped by Scott Wedgewood without a rebound.
15:18 of 3rd period - Anze Kopitar wins face-off versus Lars Eller in Bruins zone.
17:07 of 3rd period - Off-side.
17:08 of 3rd period - Alexis Lafreniere wins face-off versus Tomas Hertl in neutral zone.
17:15 of 3rd period - Shot by Alexis Lafreniere.
17:15 of 3rd period - Shot Blocked by Zach Werenski.
17:30 of 3rd period - Minor Penalty to Daniel Sprong for Hooking.
17:30 of 3rd period - Minor Penalty to Jamie Oleksiak for Interference.
17:31 of 3rd period - Jake Evans wins face-off versus Nicolas Roy in Bruins zone.
17:42 of 3rd period - Shot by Lars Eller.
17:42 of 3rd period - Stopped by Scott Wedgewood without a rebound.
17:43 of 3rd period - Nicolas Roy wins face-off versus Jake Evans in Bruins zone.
18:04 of 3rd period - Icing by Nicolas Roy.
18:05 of 3rd period - Nick Paul wins face-off versus Jake Evans in Bruins zone.
18:05 of 3rd period - Nick Paul is hit by Jake Evans.
19:01 of 3rd period - Golden Knights, Ilya Samsonov is pulled from the net.
19:07 of 3rd period - Shot by Nathan MacKinnon.
19:07 of 3rd period - Stopped by Scott Wedgewood without a rebound.
19:08 of 3rd period - Jake Evans wins face-off versus Warren Foegele in Bruins zone.
19:14 of 3rd period - Icing by Warren Foegele.
19:15 of 3rd period - Jake Evans wins face-off versus Anze Kopitar in Bruins zone.
19:30 of 3rd period - Shot by Dylan DeMelo.
19:30 of 3rd period - Goal by Dylan DeMelo - Bruins : 3 - Golden Knights : 1.
19:30 of 3rd period - Ilya Samsonov from Golden Knights was sent back in the game.
19:31 of 3rd period - Charlie Coyle wins face-off versus Tomas Hertl in neutral zone.
Goals for this period are 1 for Bruins vs 0 for Golden Knights.
Shots for this period are 10 for Bruins vs 9 for Golden Knights.